 Dungeon Crawl Stone Soup version 0.25-a0-1137-g7f6bfe439b (webtiles) character file.

Game seed: 792244669098259260, levelgen mode: deterministic

10138 Gwenloh the Fighter (level 11, -5/102 HPs)
             Began as a Minotaur Fighter on May 23, 2020.
             Was an Elder of Yredelemnul.
             Slain by a four-headed hydra (10 damage)
             ... on level 2 of the Lair of Beasts.
             The game lasted 00:59:37 (13432 turns).

Gwenloh the Fighter (Minotaur Fighter)             Turns: 13432, Time: 00:59:38

Health: -5/102     AC:  9    Str: 22    XL:     11   Next: 32%
Magic:  9/14       EV: 12    Int:  5    God:    Yredelemnul [****..]
Gold:   571        SH: 11    Dex: 12    Spells: 10/10 levels left

rFire    . . .     SeeInvis .   a - +0 whip (flame)
rCold    . . .     Gourm    .   c - +0 kite shield
rNeg     + . .     Faith    +   b - +0 scale mail
rPois    .         Spirit   .   (helmet restricted)
rElec    .         Reflect  .   (no cloak)
rCorr    +         Harm     .   s - +0 pair of gloves
MR       .....                  (no boots)
Stlth    ..........             x - amulet of faith
HPRegen  0.27/turn              e - ring of positive energy
MPRegen  0.14/turn              C - ring of resist corrosion

@: no status effects
A: retaliatory headbutt, horns 2
a: Recall Undead Slaves, Injury Mirror, Animate Dead, Drain Life, Renounce
Religion


You were on level 2 of the Lair of Beasts.
You worshipped Yredelemnul.
Yredelemnul was greatly pleased with you.
You were hungry.

You visited 2 branches of the dungeon, and saw 11 of its levels.

You collected 571 gold pieces.

Inventory:

Hand Weapons
 a - a +0 whip of flaming (weapon)
 E - a +0 flail
 F - a +0 flail of protection
Missiles
 g - 37 bolts
 m - 242 stones
 u - 40 sling bullets
 w - 18 poisoned darts
 K - 2 boomerangs (quivered)
Armour
 b - a +0 scale mail (worn)
 c - a +0 kite shield (worn)
 s - a +0 pair of gloves (worn)
 I - a +0 buckler
Jewellery
 e - a ring of positive energy (left hand)
 x - an amulet of faith (around neck)
 C - a ring of resist corrosion (right hand)
 J - an uncursed amulet of regeneration {unknown}
Wands
 H - a wand of clouds (3)
 N - a wand of random effects (14)
 P - a wand of paralysis (7)
Scrolls
 h - 2 scrolls of blinking {unknown}
 k - 2 scrolls of noise {unknown}
 l - 3 scrolls of enchant armour {unknown}
 n - 9 scrolls of identify {unknown}
 r - 5 scrolls of random uselessness {unknown}
 t - 2 scrolls of remove curse {unknown}
 v - 2 scrolls of fear {unknown}
 y - 5 scrolls of teleportation {unknown}
 B - 7 scrolls of amnesia {unknown}
 D - a scroll of immolation {unknown}
 L - a scroll of magic mapping {unknown}
Potions
 d - a potion of flight {unknown}
 i - 2 potions of brilliance {unknown}
 j - a potion of stabbing {unknown}
 o - 2 potions of haste {unknown}
 p - a potion of heal wounds
 q - 4 potions of degeneration {unknown}
 z - 2 potions of cancellation {unknown}
 A - 2 potions of curing
 G - 2 potions of magic {unknown}
 M - a potion of invisibility {unknown}
 O - a potion of lignification {unknown}
Comestibles
 f - 29 rations


   Skills:
 * Level 11.4 Fighting
 * Level 11.1 Maces & Flails
 + Level 8.4 Armour
 + Level 6.8 Dodging
 + Level 8.6 Shields
 + Level 5.5 Invocations


You had 10 spell levels left.
You didn't know any spells.
Your spell library was empty.

Dungeon Overview and Level Annotations

Branches:
Dungeon (8/15)             Temple (0/1) D:7            Lair (3/6) D:8
  Snake (0/4) Lair:2
  Swamp: Lair:2-4    Shoals: Lair:2-4

Altars:
Okawaru
Trog
Xom
Yredelemnul

Shops:
D:5 *

Annotations:
Lair:2 exclusion: 2 oklob plants
Lair:3 Snorg


Innate Abilities, Weirdness & Mutations

You reflexively headbutt those who attack you in melee.
You have a pair of horns on your head.


Message History

The four-headed hydra bites you.
* * * LOW HITPOINT WARNING * * *
You block the four-headed hydra's attack. x2
The four-headed hydra misses you.
You are too injured to fight recklessly!
You feel much better. The four-headed hydra bites you.
* * * LOW HITPOINT WARNING * * *
You block the four-headed hydra's attack. x2
The four-headed hydra bites you!
* * * LOW HITPOINT WARNING * * *
The four-headed hydra bites you!
* * * LOW HITPOINT WARNING * * *
You block the four-headed hydra's attack.
The four-headed hydra closely misses you.
The four-headed hydra bites you.
* * * LOW HITPOINT WARNING * * *
You block the four-headed hydra's attack.
The four-headed hydra bites you!
You die...
Your body rises from the dead as a mindless zombie.

#...#######....#.###......^
#####...##...P..P..#.###.......
#.P##............#.....###...##
##................#...##.....###
#...#....#......................
##.#.#..P#........######..#.#.#P
###...P............#...#....#####
#........P...##............##
##...##..##...##@..#####....#####
#...........#..D.### ####..##.#.
#.......^......>.#.###Z##.......
#P..P.#.....###..#....##P.##.##.
#...##..#..## ##.........Z.####P
##...##.#..####.#P..#......# ##
##..#...............#...#..#
#P...#####..#######.......##
##..######.Z# ####P...#


You could see a four-headed hydra (fast).

Vanquished Creatures
  A hydra (Lair:1)
  A two-headed ogre (D:8)
  Pikel (D:7)
  A rime drake (Lair:3)
  A troll (D:6)
  A polar bear (Lair:2)
  A blink frog (Lair:2)
  A wyvern (D:8)
  8 yaks
  A basilisk (Lair:3)
  2 water moccasins
  A porcupine (Lair:1)
  A sky beast (D:8)
  3 slaves (D:7)
  An orc warrior (D:6)
  2 phantoms (D:7)
  2 black bears (D:6)
  An ogre (D:4)
  A centaur (D:8)
  3 crocodiles (Lair:3)
  5 bullfrogs
  2 scorpions
  5 killer bees (D:7)
  2 wights (D:8)
  A howler monkey (D:6)
  9 crimson imps
  A bullfrog zombie (D:4)
  2 jellies
  3 hounds
  2 bullfrog skeletons
  3 orc priests
  A centaur skeleton (D:4)
  3 iguanas
  2 orc wizards
  4 worker ants
  2 hound zombies
  Robin (D:2)
  7 gnolls
  15 adders
  A shadow imp (D:8)
  An ooze (D:1)
  2 worms
  3 dart slugs
  4 leopard geckos
  27 orcs
  3 ball pythons
  7 giant cockroaches
  17 goblins
  9 hobgoblins
  10 jackals
  2 quokkas
  10 bats
  9 frilled lizards
  A jackal zombie (D:5)
  7 kobolds
  A leopard gecko skeleton (D:4)
  A quokka skeleton (D:4)
  7 rats
  A plant (D:8)
227 creatures vanquished.

Vanquished Creatures (collateral kills)
  A two-headed ogre (D:8)
  An unseen horror (D:8)
  2 oklob plants (Lair:2)
  A torpor snail (Lair:2)
  4 komodo dragons
  A hippogriff (Lair:2)
  2 blink frogs (Lair:2)
  6 yaks
  2 nagas (Lair:2)
  A phantom (D:8)
  2 ogres
  2 crocodiles (Lair:1)
  4 bullfrogs
  A killer bee (D:7)
  2 wights (D:8)
  An orc priest (D:7)
  A worker ant (D:4)
  An adder (D:8)
  A worm (D:4)
  2 orcs
  A giant cockroach (D:7)
  11 fungi
  5 plants
55 creatures vanquished.

Vanquished Creatures (others)
  7 flying skulls
  A slave (D:7)
  A blink frog skeleton (Lair:2)
  A komodo dragon skeleton (Lair:2)
  4 yak skeletons (Lair:2)
  A bullfrog skeleton (D:7)
  A naga zombie (Lair:2)
  2 mummies
  A goblin skeleton (D:3)
  A plant (D:8)
20 creatures vanquished.

Grand Total: 302 creatures vanquished

Notes
Turn   | Place    | Note
-------+----------+-------------------------------------------
     0 | D:1      | Gwenloh the Minotaur Fighter began the quest for the Orb.
     0 | D:1      | Reached XP level 1. HP: 19/19 MP: 0/0
   215 | D:1      | Reached XP level 2. HP: 24/27 MP: 1/1
   623 | D:1      | Reached XP level 3. HP: 33/33 MP: 2/2
   984 | D:2      | Reached skill level 1 in Dodging
  1012 | D:2      | Reached XP level 4. HP: 35/41 MP: 3/3
  1300 | D:2      | Noticed Robin
  1317 | D:2      | Killed Robin
  1719 | D:3      | You fall into a shaft and drop 3 floors!
  1719 | D:6      | Found a basalt altar of Yredelemnul.
  1725 | D:6      | Became a worshipper of Yredelemnul the Dark
  1735 | D:6      | Reached skill level 5 in Fighting
  1735 | D:6      | Reached XP level 5. HP: 45/48 MP: 4/4
  1956 | D:6      | Reached XP level 6. HP: 47/56 MP: 5/5
  2084 | D:6      | Found a bloodstained altar of Trog.
  2105 | D:6      | Reached skill level 5 in Maces & Flails
  2357 | D:5      | Entered Level 5 of the Dungeon
  2363 | D:6      | Reached XP level 7. HP: 53/63 MP: 6/6
  2433 | D:5      | Reached skill level 5 in Shields
  2794 | D:4      | Found an iron altar of Okawaru.
  2888 | D:4      | Reached skill level 5 in Armour
  2973 | D:4      | Reached * piety under Yredelemnul
  3520 | D:3      | Reached skill level 1 in Invocations
  3804 | D:3      | Reached ** piety under Yredelemnul
  4038 | D:3      | Found a shimmering altar of Xom.
  4050 | D:3      | Reached XP level 8. HP: 59/71 MP: 6/8
  5061 | D:5      | Reached *** piety under Yredelemnul
  5670 | D:5      | Found Qydiamp's Assorted Antiques.
  6572 | D:7      | Noticed a troll
  6845 | D:6      | HP: 2/74 [troll (8)]
  6847 | D:6      | Killed a troll
  6847 | D:6      | Reached XP level 9. HP: 1/81 MP: 8/10
  7354 | D:7      | Found a staircase to the Ecumenical Temple.
  7653 | D:7      | Reached **** piety under Yredelemnul
  7764 | D:7      | Noticed Pikel
  7816 | D:7      | Killed Pikel
  7816 | D:7      | HP: 2/82 [something (12)]
  8458 | D:7      | Received a gift from Yredelemnul (5 flying skulls)
  8474 | D:7      | Reached skill level 5 in Dodging
  8780 | D:8      | Found a staircase to the Lair.
  8781 | D:8      | Noticed a komodo dragon
  8808 | D:8      | Killed a komodo dragon
  9019 | D:8      | Received a gift from Yredelemnul (a mummy)
  9322 | D:8      | Noticed a two-headed ogre
  9330 | D:8      | Killed a two-headed ogre
  9330 | D:8      | Reached XP level 10. HP: 60/92 MP: 10/12
  9508 | D:8      | Killed an unseen horror
 10031 | D:8      | Reached skill level 10 in Fighting
 10208 | D:8      | Noticed a two-headed ogre
 10217 | D:8      | Killed a two-headed ogre
 10432 | Lair:1   | Entered Level 1 of the Lair of Beasts
 10460 | Lair:1   | Noticed a seven-headed hydra
 10477 | Lair:1   | Killed a seven-headed hydra
 10477 | Lair:1   | Reached skill level 10 in Maces & Flails
 11324 | Lair:1   | Received a gift from Yredelemnul (2 flying skulls)
 11685 | Lair:2   | Reached skill level 5 in Invocations
 11808 | Lair:2   | Found a staircase to the Snake Pit.
 11813 | Lair:2   | Reached XP level 11. HP: 95/101 MP: 13/13
 11818 | Lair:2   | Received a gift from Yredelemnul (a mummy)
 12755 | Lair:2   | Noticed an oklob plant
 12762 | Lair:2   | Noticed an oklob plant
 12762 | Lair:2   | Noticed an oklob plant
 12762 | Lair:2   | Noticed an oklob plant
 12780 | Lair:2   | Killed an oklob plant
 12786 | Lair:2   | Killed an oklob plant
 13393 | Lair:3   | Noticed Snorg
 13393 | Lair:3   | Noticed a four-headed hydra
 13430 | Lair:2   | HP: 4/102 [four-headed hydra (4)]
 13432 | Lair:2   | Slain by a four-headed hydra

Illustrated notes

Levels and vault maps discovered:
D:1:      shiori_arrival_maze, layout_loops_ring
D:2:      layout_basic, uniq_robin
D:3:      minmay_recursive_quarters, layout_loops_ring, led_xom_imps
D:4:      minmay_inner_zag, layout_basic, lemuel_coloured_pillars_altar,
          first_ration
D:5:      layout_loops_ring, serial_shops, nicolae_shop_stone
D:6:      layout_rooms, yredelemnul_altar_generic, trog_ov_bears_minmay
D:7:      layout_basic, temple_green, grunt_ogre_cave, uniq_pikel
D:8:      layout_loops_corners, david_lair_shrubbed
Lair:1:   layout_small_grid
Lair:2:   dpeg_oklob_gauntlet, layout_loops_ring,
          minmay_snake_entry_guardpost_small
Lair:3:   layout_chaotic_city, serial_bayou_shore_a, uniq_snorg

Skill      XL: |  1  2  3  4  5  6  7  8  9 10 11 |
---------------+----------------------------------+-----
Fighting       | 4 5 6 8 9 10 11 | 11.4
Maces & Flails | 3 4 5 6 7 9 10 11 | 11.1
Shields        | 4 5 6 7 8 |  8.6
Dodging        | 1 2 3 4 5 6 |  6.8
Armour         | 4 5 6 7 8 |  8.4
Invocations    | 1 2 4 5 |  5.5

Action                   |  1- 3 |  4- 6 |  7- 9 | 10-12 || total
-------------------------+-------+-------+-------+-------++-------
Melee: Flail             |    80 |    88 |   393 |       ||   561
       Headbutt          |    12 |    17 |    89 |    51 ||   169
       Whip              |       |       |    76 |   192 ||   268
Throw: Stone             |    50 |    10 |   133 |       ||   193
       Dart              |       |    36 |    33 |       ||    69
       Boomerang         |       |       |    24 |     7 ||    31
Invok: Animate Remains   |       |       |     3 |       ||     3
       Animate Dead      |       |       |     1 |     4 ||     5
       Recall Undead Sla |       |       |       |     2 ||     2
       Drain Life        |       |       |       |     1 ||     1
Evoke: Wand              |       |       |       |     4 ||     4
  Use: Potion            |       |       |     1 |     2 ||     3
 Stab: Invisible         |       |       |     2 |       ||     2
       Distracted        |       |       |     2 |     1 ||     3
  Eat: Chunk             |       |     5 |    21 |     9 ||    35
       Ration            |       |       |     1 |     2 ||     3
Armor: Scale mail        |    36 |    36 |   126 |    44 ||   242
Dodge: Dodged            |    22 |    32 |   126 |    54 ||   234
Block: Kite shield       |    42 |    42 |   210 |    83 ||   377

Table legend:
 A = Non-vault XP
 B = Vault XP
 C = Vault XP percentage of total XP
 D = Non-vault monster count
 E = Vault monster count
 F = Vault count percentage of total count
                 A         B        C        D         E       F
            +---------+---------+-------+---------+---------+-------
      Total |   12314 |    2170 |  15.0 |     223 |      39 |  14.9
            +---------+---------+-------+---------+---------+-------
        D:1 |      48 |       3 |   5.9 |      24 |       2 |   7.7
        D:2 |      96 |      34 |  26.2 |      15 |      11 |  42.3
        D:3 |     141 |     184 |  56.6 |      29 |      12 |  29.3
        D:4 |     522 |      87 |  14.3 |      25 |       5 |  16.7
        D:5 |     572 |       0 |   0.0 |      28 |       0 |   0.0
        D:6 |     889 |     252 |  22.1 |      21 |       2 |   8.7
        D:7 |     944 |     607 |  39.1 |      22 |       2 |   8.3
        D:8 |    2948 |     196 |   6.2 |      22 |       1 |   4.3
     Lair:1 |    2403 |       0 |   0.0 |      15 |       0 |   0.0
     Lair:2 |    2879 |     807 |  21.9 |      17 |       4 |  19.0
     Lair:3 |     872 |       0 |   0.0 |       5 |       0 |   0.0
            +---------+---------+-------+---------+---------+-------
